 Dungeon Crawl Stone Soup version 0.25.0-26-g0c896c7088 (webtiles) character file.

Game seed: 2796377036256002851

3835 protoss039 the Cleaver (level 9, -3/79 HPs)
             Began as a Minotaur Fighter on July 3, 2020.
             Was an Elder of Okawaru.
             Slain by a two-headed ogre
             ... wielding a +0 giant club
              (24 damage)
             ... on level 9 of the Dungeon.
             The game lasted 00:16:49 (8033 turns).

protoss039 the Cleaver (Minotaur Fighter)           Turns: 8033, Time: 00:16:50

Health: -3/79      AC:  8    Str: 27    XL:     9   Next: 98%
Magic:  10/10      EV: 10    Int:  5    God:    Okawaru [****..]
Gold:   637        SH: 12    Dex: 14    Spells: 8/8 levels left

rFire    . . .     SeeInvis +   a - +0 war axe
rCold    + . .     Gourm    .   c - +0 kite shield
rNeg     + . .     Faith    .   K - +1 robe of the Were-rabbit {rC+ rN+ Regen+ Dex+4}
rPois    .         Spirit   .   (helmet restricted)
rElec    .         Reflect  .   d - +0 cloak
rCorr    .         Harm     .   j - +0 pair of gloves {Str+3}
MR       +....                  y - +1 pair of boots
Stlth    +.........             D - amulet of regeneration
HPRegen  1.03/turn              C - ring of see invisible
MPRegen  0.12/turn              h - ring of protection from magic

@: no status effects
A: retaliatory headbutt, horns 2
a: Heroism, Renounce Religion


You were on level 9 of the Dungeon.
You worshipped Okawaru.
Okawaru was greatly pleased with you.
You were not hungry.

You visited 1 branch of the dungeon, and saw 9 of its levels.
You also visited: Ossuary.

You collected 895 gold pieces.
You spent 258 gold pieces at shops.

Inventory:

Hand Weapons
 a - a +0 war axe (weapon)
 s - the +2 flail of Mutilation {vorpal, rPois}
   (You found it on level 5 of the Dungeon)

   It inflicts extra damage upon your enemies.
   It protects you from poison.
Armour
 b - a +1 chain mail of poison resistance
 c - a +0 kite shield (worn)
 d - a +0 cloak (worn)
 j - a +0 pair of gloves of strength (worn)
 y - a +1 pair of boots (worn)
 K - the +1 robe of the Were-rabbit (worn) {rC+ rN+ Regen+ Dex+4}
   (You found it on level 7 of the Dungeon)

   It affects your dexterity (+4).
   It protects you from cold.
   It protects you from negative energy.
   It increases your rate of regeneration.
 M - a +2 tower shield
 Q - the +1 ring mail "Apaadabi" {rCorr, unknown}
   (You found it on level 9 of the Dungeon)

   It provides partial protection from all sources of acid and corrosion.
Jewellery
 h - a ring of protection from magic (right hand)
 z - an uncursed amulet of reflection {unknown}
 C - a ring of see invisible (left hand)
 D - an amulet of regeneration (around neck)
Wands
 B - a wand of acid (18)
 O - a wand of random effects (19)
 R - a wand of flame (14)
Scrolls
 e - 8 scrolls of teleportation
 i - 9 scrolls of remove curse
 k - 3 scrolls of magic mapping
 l - 3 scrolls of immolation {unknown}
 n - 3 scrolls of enchant armour
 o - 3 scrolls of enchant weapon {unknown}
 p - a scroll of noise {unknown}
 q - 2 scrolls of fear {unknown}
 r - 3 scrolls of amnesia {unknown}
 t - 2 scrolls of blinking
 u - a scroll of holy word {unknown}
 A - 2 scrolls of fog {unknown}
 I - a scroll of vulnerability {unknown}
 J - a scroll of summoning {unknown}
 L - 2 scrolls of identify
Potions
 g - a potion of heal wounds
 m - 4 potions of curing
 v - 4 potions of stabbing
 w - 2 potions of flight
 x - 4 potions of brilliance
 E - a potion of might
 F - 2 potions of mutation
 G - 2 potions of cancellation
 H - a potion of invisibility {unknown}
 P - a potion of resistance {unknown}
Comestibles
 f - 18 rations
 N - 7 chunks of flesh


   Skills:
 + Level 7.4 Fighting
 + Level 11.5 Axes
 + Level 7.6 Armour
 + Level 8.3 Shields
 * Level 3.5 Invocations


You had 8 spell levels left.
You didn't know any spells.
Your spell library was empty.

Dungeon Overview and Level Annotations

Branches:
Dungeon (9/15)             Temple (0/1) D:7         Ossuary (visited)
   Lair: D:8-11         Orc: D:9-12

Altars:
Ashenzari
Elyvilon
Okawaru
Vehumet
Xom

Shops:
D:5 [?::*

Annotations:
D:7 1 exclusion


Innate Abilities, Weirdness & Mutations

You reflexively headbutt those who attack you in melee.
You have a pair of horns on your head.


Message History

The floor.
The two-headed ogre shouts in stereo!
You barely miss the two-headed ogre. You headbutt the two-headed ogre!
The two-headed ogre is moderately wounded.
The two-headed ogre hits you with a +0 giant club!!
The two-headed ogre hits you with a +0 giant club.
You hit the two-headed ogre.
Your headbutt misses the two-headed ogre.
The two-headed ogre is moderately wounded.
The two-headed ogre hits you with a +0 giant club!!
You block the two-headed ogre's attack.
A worker ant comes into view.
You slash the worker ant!
The worker ant is heavily wounded.
You slash the two-headed ogre!
The worker ant bites you but does no damage.
The two-headed ogre hits you with a +0 giant club!
* * * LOW HITPOINT WARNING * * *
The two-headed ogre hits you with a +0 giant club!!
You die...

##........ #.........
.. ##......... ..
#.......... ..
#.......... ...###
........... ....#
.......).... ...#
......(...... ###a.####
.............##.@.....#
.............##.O.#...#
.............##.......#
................#._.#.#
........#.............#
...............÷..#...#
.....#..##.....†......#
##...##.##.....#.....##
.....##.#....###.#####


You could see a two-headed ogre and a worker ant.

Vanquished Creatures
  2 ugly things (D:8)
  3 yaks (D:9)
  Sigmund (D:6)
  Menkaure (D:6)
  An orc warrior (D:8)
  2 necrophages
  An ice beast (D:8)
  An ogre (D:6)
  2 centaurs (D:6)
  6 bullfrogs
  6 scorpions
  4 wights (D:7)
  5 howler monkeys
  3 crimson imps
  A quasit (D:8)
  2 hounds
  An orc priest (D:6)
  A jelly (D:5)
  A centaur skeleton (D:5)
  5 worker ants
  A killer bee zombie (D:7)
  A hound skeleton (D:6)
  8 mummies (Ossuary)
  Robin (D:2)
  2 worker ant zombies
  5 adders
  An adder skeleton (D:6)
  3 worms
  2 dart slugs
  7 leopard geckos
  12 orcs
  A ball python (D:2)
  10 bats
  6 giant cockroaches
  6 hobgoblins
  6 jackals
  11 kobolds
  3 quokkas
  A ball python skeleton (D:4)
  8 frilled lizards
  A gnoll zombie (Ossuary)
  27 goblins
  2 hobgoblin zombies (Ossuary)
  4 kobold zombies (Ossuary)
  A leopard gecko skeleton (D:5)
  An orc zombie (Ossuary)
  2 quokka skeletons
  10 rats
192 creatures vanquished.

Notes
Turn   | Place    | Note
-------+----------+-------------------------------------------
     0 | D:1      | protoss039 the Minotaur Fighter began the quest for the
                  | Orb.
     0 | D:1      | Reached XP level 1. HP: 19/19 MP: 0/0
   291 | D:1      | Reached XP level 2. HP: 27/27 MP: 1/1
   996 | D:2      | Found a shattered altar of Ashenzari.
  1038 | D:2      | Reached XP level 3. HP: 33/33 MP: 2/2
  1399 | D:2      | Reached skill level 3 in Axes
  1532 | D:2      | Noticed Robin
  1557 | D:2      | Killed Robin
  1557 | D:2      | Reached XP level 4. HP: 10/40 MP: 3/3
  2487 | D:3      | Reached skill level 4 in Axes
  2673 | D:3      | Reached XP level 5. HP: 47/47 MP: 4/4
  3544 | D:4      | Reached skill level 5 in Armour
  3704 | D:4      | Reached skill level 5 in Shields
  3845 | D:4      | Reached skill level 5 in Axes
  3845 | D:4      | Reached XP level 6. HP: 53/53 MP: 5/5
  4473 | D:5      | Entered Level 5 of the Dungeon
  4497 | D:5      | Found Puewkow's Armour Shoppe.
  4500 | D:5      | Bought a +1 chain mail of poison resistance for 162 gold
                  | pieces
  4527 | D:5      | Found a sand-covered staircase.
  4545 | D:5      | Found Maebop's Magic Scroll Boutique.
  4558 | D:5      | Bought a scroll of identify for 24 gold pieces
  4558 | D:5      | Bought a scroll of identify for 24 gold pieces
  4558 | D:5      | Bought a scroll of identify for 24 gold pieces
  4558 | D:5      | Bought a scroll of identify for 24 gold pieces
  4565 | Ossuary  | Entered an ossuary
  4691 | Ossuary  | Reached skill level 6 in Axes
  4693 | Ossuary  | Reached XP level 7. HP: 60/60 MP: 6/6
  4873 | D:5      | Found Pisch's Book Shoppe.
  4900 | D:5      | Found Kivvot's Assorted Antiques.
  4922 | D:5      | Found Xecwejad's Book Emporium.
  5473 | D:6      | Found an iron altar of Okawaru.
  5473 | D:6      | Found a shimmering altar of Xom.
  5479 | D:6      | Became a worshipper of Warmaster Okawaru
  5568 | D:6      | Reached skill level 5 in Fighting
  5568 | D:6      | Reached skill level 7 in Axes
  5720 | D:6      | Noticed Menkaure
  5729 | D:6      | Killed Menkaure
  5729 | D:6      | Reached * piety under Okawaru
  5729 | D:6      | Reached skill level 8 in Axes
  5729 | D:6      | Reached XP level 8. HP: 35/68 MP: 7/7
  5825 | D:6      | Found a white marble altar of Elyvilon.
  5981 | D:6      | Reached skill level 9 in Axes
  6002 | D:6      | Noticed Sigmund
  6010 | D:6      | Killed Sigmund
  6010 | D:6      | Reached ** piety under Okawaru
  6304 | D:5      | Got a sapphire flail
  6305 | D:5      | Identified the +2 flail of Mutilation {vorpal, rPois} (You
                  | found it on level 5 of the Dungeon)
  6707 | D:7      | Found a staircase to the Ecumenical Temple.
  6894 | D:7      | Got a fabulously ornate robe
  6905 | D:7      | Identified the cursed +1 robe of the Were-rabbit {rC+ rN+
                  | Regen+ Dex+4} (You found it on level 7 of the Dungeon)
  6924 | D:8      | Noticed a purple ugly thing
  7031 | D:8      | Reached skill level 10 in Axes
  7031 | D:8      | Reached XP level 9. HP: 66/75 MP: 8/8
  7123 | D:8      | Noticed a green ugly thing
  7131 | D:8      | Killed a green ugly thing
  7131 | D:8      | Reached skill level 1 in Invocations
  7347 | D:8      | Reached *** piety under Okawaru
  7421 | D:8      | Killed a purple ugly thing
  7582 | D:8      | Reached skill level 11 in Axes
  7952 | D:9      | Found a radiant altar of Vehumet.
  7966 | D:9      | Got a crude ring mail
  7981 | D:9      | Reached **** piety under Okawaru
  8026 | D:9      | Noticed a two-headed ogre
  8033 | D:9      | Slain by a two-headed ogre

Illustrated notes

Levels and vault maps discovered:
D:1:      dpeg_arrival_ternary, layout_basic, minmay_tall_x
D:2:      minmay_razor_zed, layout_loops_ring, nicolae_overflow_crystal_walls,
          uniq_robin
D:3:      layout_basic, first_ration
D:4:      layout_loops_corners
D:5:      layout_basic, serial_shops, shop_fountains, kennysheep_mini_moat,
          shop, nicolae_shop_waterfront, shop, nicolae_ossuary_entry_ruins,
          kennysheep_crisscross, patterned_corridor
D:6:      kennysheep_six_static_rooms, layout_rooms, elyvilon_altar_3,
          chequers_temple_overflow_statue_of_worship, minmay_ogre_servants,
          uniq_menkaure, uniq_sigmund
D:7:      layout_loops_ring, minmay_temple_entry_statues, solitary_fountain
D:8:      layout_gridville
D:9:      layout_cave_pools, kennysheep_mini, vehumet_altar_wand_db,
          lair_entry_dummy

Skill      XL: |  1  2  3  4  5  6  7  8  9 |
---------------+----------------------------+-----
Shields        | 4 5 6 7 8 |  8.3
Armour         | 4 5 6 7 |  7.6
Fighting       | 4 5 6 7 |  7.4
Axes           | 3 4 5 6 8 10 11 | 11.5
Invocations    | 3 |  3.5

Action                   |  1- 3 |  4- 6 |  7- 9 || total
-------------------------+-------+-------+-------++-------
Melee: War axe           |   101 |   186 |   232 ||   519
       Headbutt          |    15 |    32 |    67 ||   114
Invok: Heroism           |       |       |     1 ||     1
  Use: Potion            |     2 |       |     2 ||     4
       Scroll            |       |    12 |     4 ||    16
  Eat: Chunk             |     2 |     9 |     9 ||    20
       Ration            |       |       |     1 ||     1
Armor: Scale mail        |    45 |    50 |       ||    95
       Chain mail        |       |    23 |    58 ||    81
       Robe              |       |       |    22 ||    22
Dodge: Dodged            |    29 |    40 |    57 ||   126
Block: Kite shield       |    58 |   106 |   113 ||   277
